Get step-by-step instructions on how to execute this build order below. Start the game timer, and the build order will tick by so you can play in parallel with StarCraft on a second screen or mobile device.

Game Time

  0:00

Last Step

  N/A

Next Step

  12  0:00  Drone  

Upcoming Step

  13  0:12  Overlord  

Don't want to look back and forth between 2 screens? Try out our Overwolf App, the Spawning Tool Build Advisor to get an in-game overlay with this build!

Complete Build Order

  12  0:00  Drone  
  13  0:12  Overlord  
  13  0:16  Drone  
  14  0:31  Drone x2  
  16  0:48  Hatchery  
  15  0:52  Drone  
  15  0:55  Drone  
  17  0:58  Drone  
  18  1:09  Extractor  
  17  1:14  Spawning Pool  
  17  1:17  Drone  
  17  1:20  Drone  
  18  1:28  Drone  
  19  1:38  Drone  
  20  1:49  Drone  
  21  2:00  Overlord  
  21  2:01  Queen x2  
  21  2:02  Drone  
  26  2:11  Drone x2  
  28  2:22  Drone x2  
  30  2:32  Zergling x2  
  30  2:34  Drone  
  30  2:36  Queen  
  30  2:37  Queen  
  32  2:44  Overlord x2  
  36  2:48  Roach Warren  
  35  2:54  Drone  
  36  3:02  Drone  
  36  3:04  Drone  
  38  3:06  Drone  
  38  3:11  Drone x6  
  45  3:18  Lair  
  45  3:19  Drone x2  
  47  3:26  Evolution Chamber, Extractor  
  45  3:30  Drone  
  45  3:31  Drone  
  47  3:41  Overlord  
  47  3:42  Drone  
  47  3:45  Drone x4  
  52  3:52  Zerg Missile Weapons Level 1  
  52  3:53  Overlord  
  52  3:56  Extractor  
  52  4:00  Drone  
  52  4:01  Roach, Drone, Extractor  
  54  4:07  Roach x2  
  58  4:16  Roach x2  
  62  4:18  Glial Reconstitution  
  62  4:21  Roach  
  62  4:23  Overlord x2  
  64  4:25  Drone x2  
  64  4:27  Roach  
  68  4:33  Overlord  
  68  4:35  Overseer  
  68  4:38  Overlord  
  68  4:43  Roach  
  70  4:48  Overlord  
  70  4:50  Roach x3  
  70  4:51  Roach x2  
  80  4:56  Overlord  
  80  4:58  Roach  
  82  5:03  Overlord  
  82  5:12  Roach  
  84  5:15  Roach  
  84  5:18  Queen  
  84  5:20  Roach  
  84  5:21  Roach x5  
  100  5:31  Hatchery  
  99  5:37  Ravager x4  
  99  5:42  Roach x3  
  109  5:44  Roach  
  109  5:46  Roach  
  113  5:50  Roach  
  113  5:56  Roach x3  
  121  5:59  Roach  
  121  6:02  Overlord  
  121  6:03  Drone  
  124  6:17  Roach x4  
  116  6:21  Zerg Missile Weapons Level 2  
  98  6:27  Roach  
  98  6:28  Roach x2  
  96  6:33  Roach x3  
  96  6:35  Roach  
  96  6:39  Roach  
  104  6:46  Ravager  
  105  6:53  Roach x3  
  99  6:57  Queen  
  99  6:59  Roach x3  
  101  7:08  Drone x4  
  95  7:09  Drone x4  
  93  7:17  Roach x2  
  93  7:18  Roach  
  93  7:29  Roach x3  
  95  7:36  Roach x2  
  93  7:46  Roach x2  
  93  7:47  Roach x5  
  105  7:57  Roach x2  
  105  7:58  Roach  
  107  8:04  Roach x2  
  109  8:12  Roach x8  
  123  8:16  Roach  
  123  8:21  Roach  
  123  8:22  Roach  
  123  8:26  Ravager  
  128  8:27  Roach x2  
  132  8:34  Roach  
  132  8:35  Roach  
  132  8:39  Overlord  
  136  8:42  Overlord  
  136  8:43  Overseer  
  136  8:45  Overlord